Cogmind - Beta 14 @@@ ROGUE MODE // 2025.04.11 @ 14:15:24 Player: winnking222 Result: Destroyed by KX-T9F(R) with Subdweller Beam Cannon Performance ------------- Evolutions (0) 0 Regions Visited (2) 400 Robots Destroyed (21) 105 Value Destroyed (475) 475 Prototype IDs (1) 20 Alien Tech Used (0) 0 Bonus (0) 0 TOTAL SCORE: 1000 Bonus ------- None Cogmind --------- Core Integrity 0/250 Matter 287/300 Energy 100/100 System Corruption 3% Temperature Cool (9) Movement Treading (240) Ox1 Location -10/Subcaves Parts ------- > --- POWER (1) -------- (None) > --- PROPULSION (2) --- Light Treads > --- UTILITY (2) ------ Large Storage Unit Improved Targeting Computer > --- WEAPON (2) ------- Battle Rifle > --- INVENTORY (15) --- Ion Engine Ion Engine Aluminum Leg Aluminum Leg Seismic Detector Improved Targeting Computer Improved Targeting Computer Small Laser Subdweller Beam Cannon Subdweller Beam Cannon Assault Rifle Assault Rifle Subdweller Machine Gun Light Cannon Peak State ------------ > --- POWER ------------ Ion Engine > --- PROPULSION ------- Light Treads Light Treads > --- UTILITY ---------- Large Storage Unit Improved Targeting Computer > --- WEAPON ----------- Improved Assault Rifle Improved Assault Rifle > --- INVENTORY -------- Ion Engine Ion Engine Aluminum Leg Aluminum Leg Seismic Detector Improved Targeting Computer Improved Targeting Computer Small Laser Assault Rifle Assault Rifle Light Cannon [Rating: 13] Favorites ----------- Power Ion Engine Engine Ion Engine Propulsion Light Treads Treads Light Treads Leg Aluminum Leg Utility Large Storage Unit Storage Large Storage Unit Processor Improved Targeting Computer Weapon Improved Assault Rifle Energy Gun Small Laser Ballistic Gun Improved Assault Rifle Ballistic Cannon Light Cannon Build | -11 -10 -10 ------- Run | Yrd Mat Sub Slots Evolved . | . . . Power . | . . . Propulsion . | . . . Utility . | . . . Weapon . | . . . Parts Attached 16 | 7 6 3 Power 1 | 1 . . Engine 1 | 1 . . Core . | . . . Reactor . | . . . Propulsion 3 | 3 . . Treads 2 | 2 . . Leg 1 | 1 . . Wheel . | . . . Hover . | . . . Flight . | . . . Utility 3 | 1 2 . Device . | . . . Storage 2 | 1 1 . Processor 1 | . 1 . Hackware . | . . . Protection . | . . . Artifact . | . . . Weapon 9 | 2 4 3 Energy Gun 1 | 1 . . Energy Cannon . | . . . Ballistic Gun 7 | 1 3 3 Ballistic Cannon 1 | . 1 . Launcher . | . . . Special Weapon . | . . . Impact Weapon . | . . . Slashing Weapon . | . . . Piercing Weapon . | . . . Special Melee Weapon . | . . . Unidentified Prototypes 1 | . 1 . Parts Lost 4 | . . 4 Power 1 | . . 1 Propulsion 1 | . . 1 Utility . | . . . Weapon 2 | . . 2 Highest Loss Streak 2 | . . 2 To Critical Strikes . | . . . Average Slot Usage (%) 94 | . 97 86 Engine 14 | . 14 14 Treads 25 | . 28 15 Storage 14 | . 14 14 Processor 12 | . 11 14 Ballistic Gun 24 | . 22 27 Ballistic Cannon 3 | . 4 . Peak Build Rating 13 | 6 13 13 Average Rating 10 | 4 11 11 On Entrance 6 | . 6 13 Naked Turns . | . . . Heaviest Build 32 | 13 31 32 Greatest Support 40 | 40 40 40 Greatest Overweight (x) 1 | . . 1 Average Overweight (x) . | . . . Largest Inventory Capacity 15 | 8 15 15 Average Capacity 14 | 6 14 15 Most Carried 14 | 5 12 14 Average Carried 9 | 3 9 12 Final Capacity 15 | 8 15 15 Final Carried 14 | 3 11 14 Class Distribution -------------------- 100% | Mutant Dominant Class ---------------- Mutant | -10/Materials Mutant | -10/Subcaves Resources | -11 -10 -10 ----------- Run | Yrd Mat Sub Matter Collected 681 | 282 257 142 Remotely . | . . . Salvage Created 630 | 75 434 121 Parts 50 | 2 41 7 Haulers Intercepted 1 | . 1 . Recyclers Shooed . | . . . Parts Field Recycled . | . . . Retrieved Matter . | . . . Parts Self-Destructed 6 | . . 6 Prevented . | . . . Kills | -11 -10 -10 ------- Run | Yrd Mat Sub Combat Hostiles Destroyed 18 | . 15 3 Guns 12 | . 9 3 Cannons 6 | . 6 . Classes Destroyed 6 | 1 4 1 Hauler 1 | . 1 . Recycler 1 | 1 . . Watcher 1 | . 1 . Swarmer 8 | . 8 . Grunt 7 | . 7 . Subdweller 3 | . . 3 Best Kill Streak 8 | 1 8 2 Combat Bots Only 4 | . 4 2 Max Kills in Single Turn 1 | 1 1 1 Gunslinging . | . . . Exploded . | . . . Melee . | . . . Uniques/NPCs Destroyed . | . . . Combat | -11 -10 -10 -------- Run | Yrd Mat Sub Hostile Shots Fired 81 | . 46 35 Missed 32 | . 21 11 Damage Taken 972 | . 243 729 Core 252 | . 46 206 Absorbed by Shields . | . . . Core Remaining (%) 100 | 100 . . Volleys Fired 56 | 4 30 22 Largest 2 | 2 2 2 Hottest 60 | 60 60 53 Shots Fired 110 | 8 60 42 Gun 90 | 8 40 42 Cannon 20 | . 20 . Launcher . | . . . Special . | . . . Kinetic 105 | 4 59 42 Thermal 5 | 4 1 . Explosive . | . . . Electromagnetic . | . . . Robot Hit Streak 16 | 4 7 16 Robot Miss Streak 2 | 1 2 2 Penetration Max . | . . . Secondary Targets 1 | . . 1 Max Gunslinging Chain 1 | . . 1 Shots Hit Robots 76 | 7 39 30 Core Hits 30 | 2 21 7 Critical Kills . | . . . Critical Parts Destroyed . | . . . Critical Strikes . | . . . Melee Attacks . | . . . Impact . | . . . Slashing . | . . . Piercing . | . . . Sneak Attacks . | . . . Combat Hostiles . | . . . Follow-up Attacks . | . . . Damage Inflicted 1132 | 82 596 454 Guns 867 | 82 331 454 Cannons 265 | . 265 . Explosions . | . . . Melee . | . . . Ramming . | . . . Kinetic 1097 | 47 596 454 Thermal 35 | 35 . . Explosive . | . . . Electromagnetic . | . . . Impact . | . . . Slashing . | . . . Piercing . | . . . Highest Corruption 3 | . 3 3 Average Corruption 3 | . 3 3 Corruption Purged . | . . . Corruption Blocked . | . . . Effects 19 | . 9 10 Message Errors 3 | . 3 . Matter Fused 4 | . . 4 Heat Flow Errors 2 | . 2 . Energy Discharges 4 | . 2 2 Parts Fused 1 | . 1 . Data Loss (minor) 2 | . 1 1 Data Loss (major) 1 | . . 1 Misfires 2 | . . 2 Overload Shots . | . . . Overflow Damage 1 | . 1 . Projectiles 1 | . 1 . Explosions . | . . . Melee . | . . . Knockbacks 4 | . 4 . Impact . | . . . Kinetic 3 | . 3 . Secondary 1 | . 1 . Self-Inflicted Damage . | . . . Shots . | . . . Rammed . | . . . Targets Rammed . | . . . Kicked . | . . . Crushed . | . . . Highest Temperature 145 | . 145 . Average Temperature 31 | . 31 . Received Heat Transfer 201 | . 63 138 Siege Activations . | . . . Robots Corrupted . | . . . Combat Hostiles . | . . . Parts Fried . | . . . Impact Corruptions . | . . . Robots Melted . | . . . Combat Hostiles . | . . . Parts Melted 1 | . . 1 Heat Transferred 75 | 75 . . Parts Sabotaged . | . . . Parts Stolen . | . . . Parts Stripped . | . . . Power Chain Reactions . | . . . Alert | -11 -10 -10 ------- Run | Yrd Mat Sub Peak Influence 282 | 5 282 . Initial 3 | . 3 . Average 88 | 3 94 . Maximum Alert Level 1 | . 1 . Low Security (%) 85 | 100 84 . Level 1 14 | . 15 . Level 2 . | . . . Level 3 . | . . . Level 4 . | . . . Level 5 . | . . . High Security . | . . . Max Security . | . . . Squads Dispatched 2 | . 2 . Investigation 2 | . 2 . Extermination . | . . . Reinforcement . | . . . Assault . | . . . Garrison . | . . . Intercept . | . . . Searches Triggered . | . . . Construction Impeded . | . . . Haulers Reinforced . | . . . Active Scanning Responses . | . . . Cargo Convoy Interrupts . | . . . Stealth | -11 -10 -10 --------- Run | Yrd Mat Sub Distress Signals 3 | . 3 . Communications Jammed . | . . . Distress Signals . | . . . Times Spotted 28 | . 23 5 Peak Tracking Total 5 | . 5 2 Tactical Retreats 1 | . 1 . Traps | -11 -10 -10 ------- Run | Yrd Mat Sub Traps Triggered 2 | . 2 . Indirectly . | . . . Trap Hack Attempts . | . . . Triggered . | . . . Disarmed . | . . . Reprogrammed . | . . . Reused . | . . . Traps Extracted . | . . . Installed . | . . . Triggered . | . . . Machines | -11 -10 -10 ---------- Run | Yrd Mat Sub Machines Disabled 1 | . 1 . Max in Single Turn 1 | . 1 . Machines Repaired . | . . . Machines Dismantled . | . . . Machines Sabotaged . | . . . Overloaded Fab Kills . | . . . Hacking | -11 -10 -10 --------- Run | Yrd Mat Sub Machines Accessed . | . . . Terminals . | . . . Fabricators . | . . . Repair Stations . | . . . Recycling Units . | . . . Scanalyzers . | . . . Garrison Access . | . . . Total Hacks . | . . . Successful . | . . . Failed . | . . . Catastrophic . | . . . Database Lockouts . | . . . Manual . | . . . Terminals . | . . . Fabricators . | . . . Repair Stations . | . . . Recycling Units . | . . . Scanalyzers . | . . . Garrison Access . | . . . Terminal Hacks . | . . . Fabricator Hacks . | . . . Repair Station Hacks . | . . . Recycling Unit Hacks . | . . . Scanalyzer . | . . . Garrison Access Hacks . | . . . Unauthorized Hacks . | . . . Terminals . | . . . Fabricators . | . . . Repair Stations . | . . . Recycling Units . | . . . Scanalyzers . | . . . Garrison Access . | . . . Data Cores Recovered . | . . . Used . | . . . Hacking Detections . | . . . Full Trace Events . | . . . Feedback Events . | . . . Feedback Blocked . | . . . Robot Schematics Acquired . | . . . Robots Built . | . . . Authchips . | . . . Time . | . . . Total Robot Build Rating . | . . . Part Schematics Acquired . | . . . Parts Built . | . . . Authchips . | . . . Time . | . . . Total Part Build Rating . | . . . Parts Repaired . | . . . Time . | . . . Parts Recycled . | . . . Recycled Matter . | . . . Retrieved Matter . | . . . Retrieved Components . | . . . Parts Scanalyzed . | . . . Part Schematics Acquired . | . . . Parts Damaged . | . . . Bothacking | -11 -10 -10 ------------ Run | Yrd Mat Sub Used RIF Installer . | . . . Robots Hacked . | . . . Non-combat . | . . . Combat . | . . . Robot Hacks Applied . | . . . Relay Couplers Released . | . . . Fabnet Peak Effective % . | . . . Robots Rewired . | . . . Allies Hacked . | . . . Hacks Repelled . | . . . Allies | -11 -10 -10 -------- Run | Yrd Mat Sub Total Allies . | . . . Largest Group . | . . . Highest-Rated Group . | . . . Highest-Rated Ally . | . . . Total Orders . | . . . Ally Attacks . | . . . Total Damage . | . . . Kills . | . . . Allies Corrupted . | . . . Allies Melted . | . . . Intel | -11 -10 -10 ------- Run | Yrd Mat Sub Robot Analysis Total . | . . . Derelict Logs Recovered 1 | . . 1 Drone Launches . | . . . Drone Recoveries . | . . . Exploration | -11 -10 -10 ------------- Run | Yrd Mat Sub Turns Passed 2236 | 113 1619 504 Spaces Moved 699 | 61 452 186 Core 11 | 11 . . Treads 683 | 45 452 186 Legs 5 | 5 . . Wheels . | . . . Hover . | . . . Flight . | . . . Fastest Speed 50 | 50 160 160 Average Speed 176 | 136 160 228 Slowest Speed 240 | 160 160 240 Overloaded Moves . | . . . Propulsion Burnouts . | . . . Robots Hopped . | . . . Cave-ins Triggered . | . . . Exploration Rate (%) 31 | 4 74 16 Regions Visited 2 Branch Regions 1 Pre-discovered Areas . | . . . Known Exits Taken . | . . . Unknown Exits Taken 2 | 1 1 . Scrap Searched 3 | . . 3 Spaces Dug . | . . . Terrain Destroyed . | . . . Melee . | . . . Projectile . | . . . AOE . | . . . Terrain Rammed . | . . . Walls Destroyed . | . . . Machines Disabled . | . . . Actions | -11 -10 -10 --------- Run | Yrd Mat Sub Total 1593 | 81 1287 225 Wait 800 | 3 787 10 Move 697 | 60 451 186 Hop . | . . . Pick Up 22 | 7 11 4 Fast Attach 2 | 2 . . Attach 8 | 4 3 1 Detach . | . . . Swap 6 | 1 3 2 Drop 2 | . 2 . Fire 56 | 4 30 22 Melee . | . . . Ram . | . . . Kick . | . . . Crush . | . . . Escape Stasis . | . . . Rewire . | . . . Trap . | . . . Miscellaneous . | . . . Route ------- -11/Scrapyard -10/Materials (discovered 6 exits: [*Mat x3] / [*Min x2] / [*Sub]) -10/Subcaves (discovered 1 exit: [*Mat]) History --------- Turn | Location | Event 6 | -11/Scrapyard | Discovered new exit (range 14) 114 | -11/Scrapyard | Entered Materials 221 | -10/Materials | Discovered new exit (range 9) 306 | -10/Materials | Build established: Mutant 360 | -10/Materials | Discovered new exit (range 4) 469 | -10/Materials | Discovered new exit (range 13) 722 | -10/Materials | Discovered new exit (range 5) 879 | -10/Materials | Discovered new exit (range 16) 1721 | -10/Materials | Discovered new exit (range 3) 1733 | -10/Materials | Entered Subcaves 1746 | -10/Subcaves | Shifting Twisted Machinery released Sub. Beam Cannon 1746 | -10/Subcaves | Learned Materials terminal intel 1766 | -10/Subcaves | Shifting Twisted Machinery released Sub. Power Source 1905 | -10/Subcaves | Discovered new exit (range 3) 2219 | -10/Subcaves | Disturbed a concealed Subdweller 2222 | -10/Subcaves | Core integrity fell below 50% 2228 | -10/Subcaves | Core integrity fell below 20% 2237 | -10/Subcaves | Destroyed by KX-T9F(R) with Subdweller Beam Cannon Last Messages --------------- 02197_ Searching scrap... 02197_ Found Battle Rifle. 02197_ Found Riot Gun. 02197_ Found 49 Matter. 02198_ Acquired 21 matter. 02200_ Searching scrap... 02200_ Found Sub. Machine Gun. 02200_ Found 37 Matter. 02204_ Acquired Battle Rifle. 02211_ Acquired 10 matter. 02219_ XF-0VZ(R) angrily emerges from the Twisted Machinery. 02219_ Searching scrap... 02219_ Found Battle Rifle. 02219_ Found Battle Cannon. 02219_ Found 34 Matter. 02222_ Acquired 6 matter. 02225_ Acquired 1 matter. 02227_ Imp. Assault Rifle destroyed. 02227_ XF-0VZ(R) destroyed. 02233_ Ion Engine destroyed. Map ----- +----------------------------------------------------+ | ?????????????????????????????????? | | ?????????????????????????????????? | | ?????????????????????????????????? | | ?????????????????????????????????? | | ?????????????????????????????????? | | ?????????????????????????????????? | | ???????????????????? ????????????? | | ??????????????????? #??????????? | | ??????????????????? ###?????? ?? | | ??????????????????? ???? ? | | ??????????????????? ? | | ??????????????????? # | | ??????????????????? ? # | | ??????????????????? ??# # | | ?????????????????## #??? # | | ?????????????????# ????# # | | ?????###??####?## ????## # | | ????## $### ## ;# #????# # | | ????#< <# < # ;;????# | | ?????$ R<# ^